 Dungeon Crawl Stone Soup version 0.31.0-9-g3a7656b989 (webtiles) character file.

Game seed: 10502293142161269063

312 SnakkuSnakku7 the Shooter (level 6, -5/43 HPs)
             Began as a Djinni Hunter on Jan 24, 2024.
             Slain by an iguana (8 damage)
             ... on level 4 of the Dungeon.
             The game lasted 00:03:31 (1969 turns).

SnakkuSnakku7 the Shooter (Djinni Hunter)           Turns: 1969, Time: 00:03:32

Health: -5/43      AC:  6    Str: 10    XL:     6   Next: 71%
Gold:   13         EV: 12    Int: 10    God:
                   SH:  0    Dex: 19

rFire   + . .        a - +0 shortbow
rCold   . . .        (shield currently unavailable)
rNeg    + . .        c - +0 leather armour
rPois   ∞            (no helmet)
rElec   .            j - +0 cloak
rCorr   +            f - +1 pair of gloves "Olubez" {rN+ Will+}
SInv    .            (boots unavailable)
Will    .....        q - amulet of the acrobat
Stlth   ++           p - ring "Qeurrem" {Ice rCorr}
HPRegen 0.27/turn    (no ring)
MPRegen 0.00/turn

%: acrobat, infuse magic (-6 HP)
@: mighty, weak-willed, flying
A: sickness immunity, fire resistance 2, cold vulnerability 1, float, innate
caster, HP casting, extra vitality 1
a: no special abilities


You were on level 4 of the Dungeon.
You visited 1 branch of the dungeon, and saw 4 of its levels.

You collected 190 gold pieces.
You spent 177 gold pieces at shops.

Inventory:

Hand Weapons
 a - a +0 shortbow (weapon)
Armour
 c - a +0 leather armour (worn)
 f - the +1 pair of gloves "Olubez" (worn) {rN+ Will+}
   (You found it on level 2 of the Dungeon)

   rN+:       It protects you from negative energy.
   Will+:     It increases your willpower.
 j - a +0 cloak (worn)
Jewellery
 p - the ring "Qeurrem" (left hand) {Ice rCorr}
   (You bought it in a shop on level 4 of the Dungeon)

   [ring of ice]

   Ice:       It enhances your ice magic.
   rF-:       It makes you vulnerable to fire.
   rC+:       It protects you from cold.
   rCorr:     It protects you from acid and corrosion.
 q - an amulet of the acrobat (around neck)
Scrolls
 d - 6 scrolls of identify
 h - a scroll of blinking {unknown}
 i - a scroll of enchant weapon {unknown}
 m - a scroll of amnesia {unknown}
 n - 2 scrolls of noise
Potions
 k - 2 potions of curing
 l - a potion of brilliance


   Skills:
 - Level 2.0 Fighting
 + Level 6.2 Ranged Weapons
 - Level 2.1 Dodging
 - Level 0.7 Stealth


You knew the following spells:

 Your Spells              Type           Power      Damage    Failure   Level
a - Slow                  Hex            0%         N/A       45%         1
b - Ensorcelled Hibernat  Hex/Ice        0%         N/A       61%         2
Your spell library was empty.

Dungeon Overview and Level Annotations

Branches:
Dungeon (4/15)
 Temple: D:4-7

Altars:
Uskayaw

Shops:
D:3 (   D:4 *

Annotations:
D:4 Edmund


Innate Abilities, Weirdness & Mutations

You are immune to sickness and miasma.
You are immune to poison.
Your flesh is very heat resistant. (rF++)
You are vulnerable to cold. (rC-)
You float through the air rather than walking.
You learn spells naturally, not from books.
Your magical power is your life essence.
You have superior vitality. (+4 MHP)


Message History

You swap places.
The iguana misses you. The orc closely misses your butterfly.
Edmund misses you.
There is a hide-covered altar of Uskayaw here.
Unknown command.
Press < or > to pray at altars.
You swap places.
The iguana closely misses you. The orc barely misses your butterfly.
Edmund completely misses your butterfly.
Unknown command.
You shoot an arrow. The arrow hits the orc!
You kill the orc!
The iguana closely misses you.
Edmund hits your butterfly with a +2 flail of protection!
Your butterfly dies!
Your butterfly disappears in a burst of colours!
The orc barely misses your butterfly.
Unknown command.
Unknown command.
You swap places.
The iguana closely misses you. The orc completely misses you.
Things that are here:
a +0 club; a +0 leather armour Unknown command.
You shoot an arrow.
The arrow hits the orc but does no damage.
The iguana closely misses you. Edmund misses you.
The orc hits you but does no damage. The iguana misses you.
Unknown command.
You shoot an arrow. The arrow hits the orc.
The orc is heavily wounded.
Edmund hits you with a +2 flail of protection.
* * * LOW HITPOINT WARNING * * *
The orc barely misses you. The iguana bites you.
* * * LOW HITPOINT WARNING * * *
Unknown command.
You shoot an arrow. The arrow hits the orc.
You kill the orc!
Edmund hits you with a +2 flail of protection.
* * * LOW HITPOINT WARNING * * *
The iguana bites you!
You die...

#. .# ###.##.
#.###.# #..>...
...#.#######.###
###....# ...#.##
#..l.### #.#..##
#####o#...# #.oo..#
#.bb#o###.####.#....
#.@l#.....#..ol####.
#.b@o#####'.#### #.
###### #### #. ##
#####. ..#### #ol)..
.<....### ##.####
...#...###o.###
.............#
#.......{..#
#.......o..##


You could see Edmund (weak-willed, ally target), an iguana (weak-willed, ally
target) and an orc.

Vanquished Creatures
  A phantom (D:4)
  A hound (D:4)
  An iguana (D:4)
  A sleepcap (D:3)
  An orc wizard (D:4)
  A gnoll (D:1)
  4 adders
  6 dart slugs
  7 orcs
  6 endoplasms
  3 giant cockroaches
  7 hobgoblins
  2 jackals (D:1)
  6 kobolds
  3 quokkas
  6 ball pythons
  3 bats (D:1)
  4 frilled lizards
  5 goblins
  4 rats
72 creatures vanquished.

Notes
Turn   | Place    | Note
-------+----------+-------------------------------------------
     0 | D:1      | SnakkuSnakku7 the Djinni Hunter began the quest for the
                  | Orb.
     0 | D:1      | Reached XP level 1. HP: 18/18 MP: 0/0
    62 | D:1      | Reached XP level 2. HP: 23/23 MP: 0/0
   182 | D:1      | Reached skill level 4 in Ranged Weapons
   182 | D:1      | Reached XP level 3. HP: 22/28 MP: 0/0
   182 | D:1      | Learned a level 1 spell: Slow
   624 | D:2      | Reached XP level 4. HP: 30/33 MP: 0/0
   630 | D:2      | Identified the +1 pair of gloves "Olubez" {rN+ Will+}
   948 | D:2      | Identified the +4 mace of Ointment {flame, rPois}
  1274 | D:3      | Reached XP level 5. HP: 38/38 MP: 0/0
  1274 | D:3      | Learned a level 2 spell: Ensorcelled Hibernation
  1333 | D:3      | Reached skill level 5 in Ranged Weapons
  1375 | D:3      | Found Keguf's Weapon Boutique.
  1700 | D:4      | Noticed a phantom
  1717 | D:4      | Killed a phantom
  1718 | D:4      | Reached XP level 6. HP: 33/43 MP: 0/0
  1802 | D:4      | Found Xem Sebu's Assorted Antiques.
  1807 | D:4      | Bought a fizzy golden potion for 27 gold pieces
  1807 | D:4      | Bought a crude carnelian ring for 150 gold pieces
  1807 | D:4      | Identified the ring "Qeurrem" {Ice rCorr} (You bought it in
                  | a shop on level 4 of the Dungeon)
  1860 | D:4      | Reached skill level 6 in Ranged Weapons
  1915 | D:4      | Noticed Edmund
  1934 | D:4      | Found a hide-covered altar of Uskayaw.
  1969 | D:4      | Slain by an iguana

Illustrated notes

Levels and vault maps discovered:
D:1:      lemuel_arrival_river_bridge, layout_basic
D:2:      layout_basic
D:3:      minmay_diamond_boxcup, layout_rooms, serial_shops, shop
D:4:      layout_rooms, mainiacjoe_overflow_swirl, minmay_temple_entry_fiery,
          serial_shops, shop, nicolae_titane, uniq_edmund

Skill      XL: |  1  2  3  4  5  6 |
---------------+-------------------+-----
Ranged Weapons | 4 5 6 |  6.2
Fighting       | |  2.0
Dodging        | |  2.1
Stealth        | |  0.7

Action                     |  1- 3 |  4- 6 || total
---------------------------+-------+-------++-------
   Fire: Shortbow          |    75 |   177 ||   252
    Use: Scroll            |       |     5 ||     5
         Potion            |       |     4 ||     4
 Armour: Leather armour    |    20 |    75 ||    95
  Dodge: Dodged            |    26 |    78 ||   104
